AoeStats
← JuanJe797

Migration

507021167Analyzed
1v1 RM · 16d ago on Sep 16, 2026· 28m 8s· 2 players
Game mode
Random Map
Map size
132×132
Population
200
Speed
Normal
Resources
Standard
Victory
Conquest
Starting age
Dark Age
Ending age
Imperial Age
RankedLock teamsTeams togetherTeam positionsShared explorationLock speedFull tech treeHidden civsTurbo modeCheats
Victory
Defeat
🇨🇳 Lithuanians · China
761
+17
🇪🇸 Spanish · Spain
781
-39
jitong3955
13:42 Feudal Age
14:11 Double-Bit Axe
14:10 Fishing Lines
19:36 Castle Age
17:50 Stone Mining
17:51 Gold Mining
19:16 Bloodlines
20:27 Loom
20:36 Gillnets
20:59 Bow Saw
22:58 Forging
22:54 Scale Barding Armor
25:20 Iron Casting
25:06 Chain Barding Armor
JuanJe797
10:12 Feudal Age
14:20 Wheelbarrow
21:18 Castle Age
20:56 Gold Mining
20:54 Double-Bit Axe
20:52 Horse Collar
22:42 Man-at-Arms
25:05 Hand Cart
25:49 Bloodlines
Connection lost

Rejoining the realm…

Still unreachable

The connection could not be restored.

Session expired

The server has moved on; the page needs a fresh start.